 Dungeon Crawl Stone Soup version 0.19-a0-231-gae044c8 (webtiles) character file.

219 namelastname112 the Skirmisher (level 6, 0/72 HPs)
             Began as a Human Wanderer on May 24, 2016.
             Killed by divine providence
             ... invoked by an orc priest
              (13 damage)
             ... on level 3 of the Dungeon.
             The game lasted 00:05:38 (3245 turns).

namelastname112 the Skirmisher (Human Wanderer)     Turns: 3245, Time: 00:05:38

Health: 0/72       AC:  5    Str: 21    XL:     6   Next: 17%
Magic:  7/7        EV: 11    Int: 12    God:
Gold:   146        SH:  0    Dex: 11    Spells: 0 memorised, 5 levels left

rFire  . . .     SeeInvis .     a - +2 falchion
rCold  . . .     Gourm    .     d - +0 ring mail
rNeg   . . .     Faith    .     (no shield)
rPois  .         Spirit   .     i - +0 hat
rElec  .         Dismiss  .     (no cloak)
rCorr  .         Reflect  .     (no gloves)
SustAt .         Harm     .     (no boots)
MR     .....                    b - amulet of rage
Stlth  ..........               (no ring)
                                (no ring)

@: berserking, drained, very quick, not resistant to hostile enchantments,
extremely unstealthy
A: no striking features
a: Evoke Berserk Rage


You were on level 3 of the Dungeon.
You were not hungry.

You visited 1 branch of the dungeon, and saw 3 of its levels.

You collected 146 gold pieces.

Inventory:

Hand Weapons
 a - a +2 falchion (weapon)
Missiles
 r - 2 tomahawks (quivered)
Armour
 d - a +0 ring mail (worn)
 i - a +0 hat (worn)
Jewellery
 b - an amulet of rage (around neck)
Scrolls
 c - 2 scrolls of random uselessness {unknown}
 e - a scroll of recharging {unknown}
 k - a scroll of identify {unknown}
 l - a scroll of blinking {unknown}
 m - 2 scrolls of fog {unknown}
 o - a scroll of remove curse {unknown}
 q - a scroll of teleportation {unknown}
 t - 2 scrolls of enchant armour {unknown}
Potions
 g - a potion of might {unknown}
 n - a potion of heal wounds {unknown}
Books
 h - a book of Debilitation

   Spells                             Type                      Level
   a - Corona                         Hexes                        1
   b - Slow                           Hexes                        2
   c - Gell's Gravitas                Hexes/Translocation          3
   d - Inner Flame                    Hexes/Fire                   3
   e - Cause Fear                     Hexes                        4
   f - Leda's Liquefaction            Hexes/Earth                  4
 p - a book of Fire

   Spells                             Type                      Level
   a - Ignite Poison                  Fire/Transmutation/Poison    3
   b - Fireball                       Conjuration/Fire             5
   c - Bolt of Fire                   Conjuration/Fire             6
   d - Delayed Fireball               Conjuration/Fire             7
   e - Ring of Flames                 Charms/Fire                  7
 u - a book of Battle

   Spells                             Type                      Level
   a - Infusion                       Charms                       1
   b - Shroud of Golubria             Charms/Translocation         2
   c - Song of Slaying                Charms                       2
   d - Spectral Weapon                Hexes/Charms                 3
   e - Regeneration                   Charms/Necromancy            3
Comestibles
 f - 2 bread rations
 s - a beef jerky


   Skills:
 + Level 4.2(3.4) Fighting
 + Level 2.4(1.6) Long Blades
   Level 1.0(0.2) Crossbows
 + Level 2.3(1.5) Throwing
 + Level 2.2(1.5) Armour
 + Level 2.0(1.2) Dodging
 - Level 2.0(1.2) Stealth
 + Level 1.5(0.7) Evocations


You had 5 spell levels left.
You didn't know any spells.

Dungeon Overview and Level Annotations

Branches:
Dungeon (3/15)

Altars:
Elyvilon
Yredelemnul


Message History

The orc misses you.
The jackal bites you but does no damage.
The jackal barely misses you.
You take 8 damage, and have 20/72 hp.
You are too injured to fight recklessly!
You are too injured to fight recklessly!
You are too injured to fight recklessly!
You are too injured to fight recklessly!
You are too injured to fight recklessly!
You hit the orc priest.
The orc priest is almost dead.
The orc priest invokes the aid of Beogh against you.
Pain shoots through your body!
* * * LOW HITPOINT WARNING * * *
The jackal bites you.
* * * LOW HITPOINT WARNING * * *
The jackal completely misses you.
The orc priest invokes the aid of Beogh against you.
Beogh smites you!
You die...

#...........#.#######.#.#.
##.#...≈≈≈................
###..≈≈≈≈≈...#######.#.#.
#..≈≈♣≈≈.(.#.## #.....
######### #..≈≈≈≈≈....#.#
###.## #.......#
♣...≈≈≈...♣#### #.#
#.####### ♣♣.......♣♣
##.## #.# ♣♣..o(.♣♣ #...#
#.# ♣♣ho@♣♣ ###...# #.#
♣♣.Khoh♣♣ #...... #.#
♣♣....h..♣♣ #...... #.#
### ♣...≈≈≈...♣ #......
#.####.# ♣♣..≈≈≈≈≈..♣♣
###...# #......#
♣...≈≈_≈≈...♣ #...#
####...# ♣♣..≈≈≈≈≈..♣♣
#.### #......# ♣...≈≈≈...♣
#.# #.##...# ♣♣.......♣♣
#.#


You could see 2 orc priests, an orc, 4 jackals and a kobold.

Vanquished Creatures
  A howler monkey (D:3)
  4 gnolls (D:3)
  7 adders
  An ooze (D:2)
  A worm (D:2)
  6 dart slugs
  2 giant geckos
  An orc (D:3)
  6 bats
  3 giant cockroaches
  5 goblins (D:1)
  5 hobgoblins
  4 jackals (D:3)
  2 quokkas (D:2)
  5 giant newts
  6 kobolds
  7 rats
66 creatures vanquished.

Notes
Turn   | Place    | Note
--------------------------------------------------------------
     0 | D:1      | namelastname112 the Human Wanderer began the quest for the Orb.
     0 | D:1      | namelastname112 set off with: a +2 falchion, a +0 shortbow, 27 arrows, a +0 ring mail, a +0 dagger, a bread ration
     0 | D:1      | Reached XP level 1. HP: 18/18 MP: 1/1
   164 | D:1      | Reached XP level 2. HP: 13/24 MP: 2/2
   642 | D:1      | Reached XP level 3. HP: 17/29 MP: 3/3
  1261 | D:2      | Reached XP level 4. HP: 16/35 MP: 4/4
  1371 | D:2      | Found a basalt altar of Yredelemnul.
  1508 | D:2      | Reached skill level 1 in Evocations
  1919 | D:3      | xeno23: книжка дебильности
  1929 | D:3      | namelastname112: лол
  1929 | D:3      | namelastname112: дебилишь врагов
  1937 | D:3      | Reached XP level 5. HP: 32/42 MP: 5/5
  2283 | D:3      | xeno23: ну иннер из нее норм для стрелка
  2288 | D:3      | xeno23: остальное юзлесс
  2328 | D:3      | Reached skill level 4 in Fighting
  2348 | D:3      | HP: 2/42 [gnoll/halberd (12)]
  2893 | D:3      | Found a white marble altar of Elyvilon.
  2947 | D:3      | Reached XP level 6. HP: 23/48 MP: 5/7
  3245 | D:3      | Killed from afar by an orc priest

Vault maps used:
D:1:      erik_arrival_cave_to_civilisation
D:2:      first_bread, yredelemnul_altar_generic
D:3:      elyvilon_altar_3

Skill      XL: |  1  2  3  4  5 |
---------------+----------------+-----
Evocations     | 1 |  1.5
Throwing       | 2 |  2.3
Long Blades    | 2 |  2.4
Fighting       | 4 |  4.2
Armour         | 2 |  2.2
Dodging        | 2 |  2.0
Crossbows      | |  1.0
Stealth        | |  2.0

Action                   |  1- 3 |  4- 6 || total
-------------------------+-------+-------++-------
Melee: Falchion          |   106 |   172 ||   278
 Abil: Evoke Berserk Rag |       |     2 ||     2
  Use: Potion            |       |     1 ||     1
 Stab: Sleeping          |     1 |       ||     1
  Eat: Chunk             |     1 |     4 ||     5
       Meat ration       |       |     1 ||     1
Armor: Ring mail         |    44 |   132 ||   176
Dodge: Dodged            |    51 |   151 ||   202
